 Dungeon Crawl Stone Soup version 0.30-a0-141-g30f27751c5 (webtiles) character file.

Game seed: 4251868634302905784

6733 porpoise the Spear-Bearer (level 10, 0/79 HPs)
             Began as a Demonspawn Gladiator on Sept 25, 2022.
             Was a Follower of Yredelemnul.
             Slain by a vampire (6 damage)
             ... on level 10 of the Dungeon.
             The game lasted 00:31:17 (10444 turns).

porpoise the Spear-Bearer (Demonspawn Gladiator)   Turns: 10444, Time: 00:31:19

Health: 0/79       AC: 10    Str: 18    XL:     10   Next: 75%
Magic:  0/5        EV: 13    Int: 14    God:    Yredelemnul [*.....]
Gold:   551        SH: 11    Dex: 15    Spells: 6/9 levels left

rFire   . . .      SeeInvis +    w - +1 trident (antimagic)
rCold   + . .      Faith    .    (no shield)
rNeg    . . .      Spirit   .    A - +4 leather armour "Ikugets" {rC+ Int+4 SInv}
rPois   .          Reflect  +    (helmet restricted)
rElec   .          Harm     .    (no cloak)
rCorr   .          Rampage  .    y - +0 pair of gloves
Will    .....                    E - +0 pair of boots
Stlth   +.........               r - amulet of reflection
HPRegen 0.23/turn                (no ring)
MPRegen 0.09/turn                (no ring)

@: no status effects
A: antennae 1, large bone plates 2, demonic magic 1
a: Renounce Religion, Recall Undead Harvest


You were on level 10 of the Dungeon.
You worshipped Yredelemnul.
Yredelemnul was noncommittal.
You visited 2 branches of the dungeon, and saw 11 of its levels.

You collected 551 gold pieces.

Inventory:

Hand Weapons
 a - a +0 trident of venom
 b - a +0 sling
 w - a +1 antimagic trident (weapon)
 Q - a +0 scimitar of flaming
 W - the +5 war axe "Suygez" {freeze, MP+9 Dex+4}
   (You found it on level 2 of the Dungeon)

   It freezes those it strikes, dealing additional cold damage.
   It can also slow down cold-blooded creatures.
   Dex:       It affects your dexterity (+4).
   MP:        It affects your magic capacity (+9).
Missiles
 d - 3 throwing nets (quivered)
 e - a javelin
 h - 11 poisoned darts
 I - 5 datura-tipped darts
 R - 3 boomerangs
Armour
 y - a +0 pair of gloves (worn)
 A - the +4 leather armour "Ikugets" (worn) {rC+ Int+4 SInv}
   (You found it on level 4 of the Dungeon)

   Int:       It affects your intelligence (+4).
   rC:        It protects you from cold.
   SInv:      It lets you see invisible.
 E - a +0 pair of boots (worn)
Magical Staves
 s - a staff of earth
 O - a staff of cold
Jewellery
 n - an amulet of regeneration
 r - an amulet of reflection (around neck)
 F - a ring of fire
 G - a ring of wizardry
Wands
 k - a wand of flame (29)
 t - a wand of iceblast (16)
 z - a wand of charming (12)
 J - a wand of light (5)
Scrolls
 g - 4 scrolls of immolation
 i - 4 scrolls of teleportation
 j - a scroll of poison
 l - a scroll of vulnerability
 m - 2 scrolls of noise
 p - a scroll of acquirement {unknown}
 C - a scroll of brand weapon {unknown}
 H - a scroll of magic mapping {unknown}
 L - a scroll of enchant weapon {unknown}
 P - a scroll of amnesia {unknown}
Potions
 f - 3 potions of magic
 o - 2 potions of haste
 q - 3 potions of resistance
 u - 5 potions of ambrosia
 v - 2 potions of flight
 x - 5 potions of brilliance
 K - 2 potions of curing
 M - 2 potions of degeneration {unknown}
 S - a potion of attraction {unknown}
Miscellaneous
 B - a phantom mirror


   Skills:
 - Level 7.0 Fighting
 + Level 11.7 Polearms
 - Level 1.7 Throwing
 - Level 5.0 Armour
 + Level 4.1 Dodging
 + Level 6.9 Invocations


You had 6 spell levels left.
You knew the following spells:

 Your Spells              Type           Power      Damage    Failure   Level
z - Dazzling Flash        Conj/Hex       0%         N/A       71%         3

Your spell library contained the following spells:

 Spells                   Type           Power      Damage    Failure   Level
 Apportation              Tloc           0%         N/A       34%         1
 Gell's Gravitas          Tloc           0%         N/A       71%         3
 Ignite Poison            Fire/Tmut/Pois 0%         N/A       71%         3
 Lesser Beckoning         Tloc           0%         N/A       71%         3
 Mephitic Cloud           Conj/Pois/Air  0%         N/A       71%         3
 Teleport Other           Tloc           0%         N/A       71%         3
 Iskenderun's Mystic Bla  Conj/Tloc      0%         2d3       98%         4
 Alistair's Intoxication  Tmut/Pois      0%         N/A       100%        5
 Freezing Cloud           Conj/Ice/Air   0%         6-21      100%        5
 Starburst                Conj/Fire      0%         6d3       100%        6


Dungeon Overview and Level Annotations

Branches:
Dungeon (10/15)            Temple (1/1) D:7
   Lair: D:8-11         Orc: D:9-12

Altars:
Dithmenos
Fedhas
Gozag
Hepliaklqana
Kikubaaqudgha
Makhleb
Nemelex Xobeh
Ru
Sif Muna
Trog
Uskayaw
Vehumet
Wu Jian
Xom
Yredelemnul


Innate Abilities, Weirdness & Mutations

You have a pair of small antennae on your head.
You are mostly covered in large bone plates. (SH +6)
Spells you cast may paralyse adjacent enemies.


Message History

Your jackal zombie barely misses the orc warrior.
Your orc zombie hits the orc warrior but does no damage.
You block the vampire's attack. The vampire barely misses you.
The orc barely misses you.
The orc hits your orc zombie with a +0 hand axe.
The orc warrior hits you with a +1 vorpal scimitar!
* * * LOW HITPOINT WARNING * * *
x2 You hit the orc warrior.
You freeze the orc warrior.
The orc warrior is severely wounded.
You barely miss the orc. You closely miss the vampire.
Your jackal zombie closely misses the orc warrior.
A hound comes into view.
Your orc zombie hits the orc.
Your orc zombie hits the orc warrior but does no damage.
The vampire closely misses you. x2; You block the orc's attack.
The orc hits your orc zombie with a +0 hand axe.
Your orc zombie is destroyed!
The orc warrior hits you with a +1 vorpal scimitar!
* * * LOW HITPOINT WARNING * * *
x2 The hound barks!
You slash the orc warrior! You freeze the orc warrior.
You kill the orc warrior!
You closely miss the orc. You hit the vampire.
The dead are walking!
You block the orc's attack.
Your jackal zombie bites the vampire but does no damage.
The vampire completely misses you. The vampire bites you.
* * * LOW HITPOINT WARNING * * *
The vampire draws strength from your injuries!
You feel your magic capacity decrease.
The +5 war axe "Suygez" {freeze, MP+9 Dex+4} stops glowing.
You feel magic leave you.
w - a +1 antimagic trident (weapon)
You barely miss the vampire.
The vampire is moderately damaged.
Your jackal zombie closely misses the vampire.
The orc hits you with a +0 hand axe.
* * * LOW HITPOINT WARNING * * *
The vampire hits you.
You die...
Your body rises from the dead as a mindless zombie.

.... .... ..
..... ... ...
.8.. ...
....#######.# .
........o#.##.#.#
.....h..V@......#
.......$ZZZ......
.!..........##...
...####<#..## .
#.##.+ ... .+
......# ........
.........


You could see a vampire (invisible), a hound, an orc (ally target), a friendly
jackal zombie, a friendly orc zombie and a friendly orc warrior zombie.

Vanquished Creatures
  4 wyverns
  A water moccasin (D:7)
  An ice beast (D:5)
  An orc warrior (D:10)
  2 ogres (D:4)
  A phantom (D:5)
  A kobold brigand (D:5)
  5 bullfrogs
  A gnoll sergeant (D:5)
  A scorpion (D:4)
  3 wights (D:8)
  23 killer bees
  6 howler monkeys
  A quasit (D:4)
  6 hounds
  A jelly (D:5)
  6 orc priests
  Jessica (D:3)
  8 orc wizards
  4 iguanas
  Terence (D:3)
  Robin (D:3)
  21 gnolls
  11 adders
  2 shadow imps (D:4)
  A white imp (D:4)
  4 ufetubi
  2 worms
  6 dart slugs
  63 orcs
  19 ball pythons
  7 endoplasms
  A giant cockroach (D:2)
  33 goblins
  26 hobgoblins
  11 jackals
  2 quokkas
  5 bats
  2 frilled lizards
  10 kobolds
  9 rats
314 creatures vanquished.

Vanquished Creatures (collateral kills)
  Erica (D:9)
  A two-headed ogre (D:9)
  A queen bee (D:9)
  A hornet (D:9)
  2 acid dragons (D:9)
  10 killer bees
  An orc priest (D:8)
  2 orc wizards (D:9)
  3 orcs (D:9)
22 creatures vanquished.

Vanquished Creatures (others)
  A wyvern zombie (D:9)
  3 bullfrog zombies
  An acid dragon zombie (D:9)
  7 killer bee zombies (D:9)
  A howler monkey zombie (D:8)
  A jackal zombie (D:10)
  5 orc zombies
  2 demonic plants (D:4)
  A plant (D:5)
22 creatures vanquished.

Grand Total: 358 creatures vanquished

Notes
Turn   | Place    | Note
-------+----------+-------------------------------------------
     0 | D:1      | porpoise the Demonspawn Gladiator began the quest for the
                  | Orb.
     0 | D:1      | Reached XP level 1. HP: 16/16 MP: 1/1
    87 | D:1      | Reached skill level 3 in Polearms
   160 | D:1      | Gained mutation: You are partially covered in large bone
                  | plates. (SH +4) [demonic ancestry]
   160 | D:1      | Reached XP level 2. HP: 16/22 MP: 2/2
   946 | D:2      | Identified the +5 war axe "Suygez" {freeze, MP+9 Dex+4}
  1069 | D:2      | Found a faded altar of an unknown god.
  1138 | D:2      | Reached XP level 3. HP: 28/28 MP: 3/3
  2039 | D:3      | Noticed Jessica
  2041 | D:3      | Killed Jessica
  2042 | D:3      | Reached skill level 4 in Polearms
  2042 | D:3      | Gained mutation: Spells you cast may paralyse adjacent
                  | enemies. [demonic ancestry]
  2042 | D:3      | Reached XP level 4. HP: 35/35 MP: 4/4
  2363 | D:3      | Noticed Terence
  2375 | D:3      | Killed Terence
  2811 | D:3      | Gained mutation: You are mostly covered in large bone
                  | plates. (SH +6) [demonic ancestry]
  2811 | D:3      | Reached XP level 5. HP: 41/41 MP: 5/5
  3045 | D:3      | Noticed Robin
  3056 | D:3      | Killed Robin
  3057 | D:3      | Reached skill level 5 in Polearms
  3073 | D:3      | Reached XP level 6. HP: 6/48 MP: 6/6
  4201 | D:4      | Reached skill level 6 in Polearms
  4416 | D:4      | Reached XP level 7. HP: 46/55 MP: 7/7
  4605 | D:4      | Reached skill level 5 in Fighting
  4755 | D:4      | Identified the +4 leather armour "Ikugets" {rC+ Int+4 SInv}
  4869 | D:5      | Entered Level 5 of the Dungeon
  5041 | D:5      | Reached skill level 7 in Polearms
  5354 | D:5      | Reached XP level 8. HP: 63/63 MP: 8/8
  5494 | D:5      | Reached skill level 8 in Polearms
  6386 | D:6      | Reached skill level 9 in Polearms
  6776 | D:7      | Reached XP level 9. HP: 72/72 MP: 8/9
  6908 | D:7      | Found a staircase to the Ecumenical Temple.
  6919 | Temple   | Entered the Ecumenical Temple
  6965 | Temple   | Learned a level 3 spell: Dazzling Flash
  6979 | Temple   | Became a worshipper of Yredelemnul the Dark
  7340 | D:7      | Reached * piety under Yredelemnul
  7343 | D:7      | Reached skill level 1 in Armour
  7982 | D:8      | Reached skill level 10 in Polearms
  8156 | D:8      | Reached ** piety under Yredelemnul
  8483 | D:8      | Found a blossoming altar of Fedhas.
  8537 | D:8      | Reached *** piety under Yredelemnul
  9008 | D:9      | Noticed a two-headed ogre
  9017 | D:9      | Killed a two-headed ogre
  9022 | D:9      | Gained mutation: You have a pair of small antennae on your
                  | head. [demonic ancestry]
  9022 | D:9      | Reached XP level 10. HP: 66/79 MP: 12/12
  9025 | D:9      | Reached skill level 11 in Polearms
  9357 | D:9      | Noticed Erica
  9367 | D:9      | Killed Erica
  9368 | D:9      | Reached skill level 5 in Invocations
  9672 | D:9      | Found a radiant altar of Vehumet.
  9675 | D:9      | Reached skill level 5 in Armour
 10417 | D:10     | Entered Level 10 of the Dungeon
 10444 | D:10     | Slain by a vampire

Illustrated notes

Levels and vault maps discovered:
D:1:      dpeg_arrival_round_c, layout_loops_ring
D:2:      layout_basic, ebering_ecumenical_altar_sacrificial, serial_rivers,
          chequers_serial_rivers_large_b, chequers_serial_rivers_small_3,
          chequers_serial_rivers_room_a, chequers_serial_rivers_micro_a,
          chequers_serial_rivers_small_3, chequers_serial_rivers_micro_d,
          minmay_misc_feat_enclosed, minmay_misc_feat_five
D:3:      minmay_goblin_kobold_castle, layout_loops_corners, serial_glass,
          glass_columns_a, glass_columns_b, glass_columns_c, glass_columns_a,
          glass_columns_a, uniq_terence, uniq_robin, uniq_jessica
D:4:      minmay_octagon_keep, layout_rooms, serial_demonic, serial_demonic_g,
          serial_demonic_a, serial_demonic_c, serial_demonic_c,
          serial_demonic_b, serial_demonic_b, minmay_snake_closets
D:5:      lemuel_castle_with_subvaults [lemuel_castle_interior_carwin_1],
          layout_basic
D:6:      layout_rooms
D:7:      layout_loops_cross, minmay_temple_entry_wispy
D:8:      layout_loops_ring, nicolae_overflow_hidden_temple
D:9:      layout_long_grid, nicolae_vehumet_radiance, special_room
          [special_room_bee], uniq_erica
D:10:     minmay_chambers_of_sixes, layout_cave_pools, minitemple,
          general_overflow_altar, okawaru_ov_weapons_minmay, david_orc_2,
          serial_gnoll_camp, gnoll_camp_huts_moat, gnoll_camp_mini_sergeant,
          gnoll_camp_mini_basic, gnoll_camp_mini_hut,
          gammafunk_ghost_necromancy, nicolae_trove_entry_free_sample,
          uniq_lodul, uniq_nergalle, uniq_snorg
Temple:   eino_wide_crystal_templ

Skill      XL: |  1  2  3  4  5  6  7  8  9 10 |
---------------+-------------------------------+-----
Polearms       | 3 4 5 6 7 9 10 11 | 11.7
Fighting       | 3 4 5 7 |  7.0
Armour         | 4 5 |  5.0
Invocations    | 3 6 |  6.9
Dodging        | 4 |  4.1
Throwing       | |  1.7

Action                   |  1- 3 |  4- 6 |  7- 9 | 10-12 || total
-------------------------+-------+-------+-------+-------++-------
Melee: Trident           |    62 |       |     4 |     5 ||    71
       War axe           |    18 |   178 |   308 |    77 ||   581
       Punch             |       |     2 |     2 |     1 ||     5
 Fire: Sling             |       |     1 |    21 |       ||    22
Invok: Dark Bargain      |       |       |       |     1 ||     1
Evoke: Wand              |       |       |       |     1 ||     1
  Use: Scroll            |     2 |       |    10 |     1 ||    13
       Potion            |       |     1 |       |     6 ||     7
 Stab: Sleeping          |       |     1 |     1 |       ||     2
       Distracted        |       |       |       |     4 ||     4
Armor: Leather armour    |     3 |       |    77 |    23 ||   103
       Ring mail         |    11 |    47 |     4 |       ||    62
       Skin              |       |       |       |    69 ||    69
Dodge: Dodged            |    24 |    67 |   142 |    54 ||   287
Block: Other             |    12 |   101 |   165 |    49 ||   327
       Reflection        |     2 |     8 |     3 |     1 ||    14

Table legend: (Time is in decaauts)
 A = Elapsed time spent in this place.
 B = Non-inter-level travel time spent in this place.
 C = Inter-level travel time spent in this place.
 D = Time resting spent in this place.
 E = Time spent auto-exploring this place.
 F = Levels seen in this place.
 G = Mean time per level.
                   A        B        C        D        E       F      G
               +--------+--------+--------+--------+--------+-----+--------+
         Total |  10927 |  10552 |    375 |   2821 |   5523 |  11 |  993.4 |
       Dungeon |  10859 |  10505 |    354 |   2821 |   5494 |  10 | 1085.9 |
        Temple |     67 |     46 |     21 |      0 |     29 |   1 |   67.0 |
               +--------+--------+--------+--------+--------+-----+--------+

Top non-repeatable levels by time:
     D:3: 1730 daAuts
     D:9: 1547 daAuts
     D:8: 1506 daAuts
     D:5: 1365 daAuts
     D:4: 1360 daAuts
     D:1: 949 daAuts
     D:2: 927 daAuts
     D:7: 873 daAuts
     D:6: 573 daAuts
  Temple: 67 daAuts
    D:10: 25 daAuts
